 Dungeon Crawl Stone Soup version 0.28.0-47-ge53b351184 (webtiles) character file.

Game seed: 10186855167559515648

3192 boopmooplesden the Cleaver (level 9, -4/79 HPs)
             Began as a Minotaur Fighter on May 5, 2022.
             Was an Initiate of Okawaru.
             Slain by a troll (10 damage)
             ... on level 7 of the Dungeon.
             The game lasted 00:11:26 (9277 turns).

boopmooplesden the Cleaver (Minotaur Fighter)       Turns: 9277, Time: 00:11:27

Health: -4/79      AC:  7    Str: 22    XL:     9   Next: 64%
Magic:  8/8        EV: 11    Int: 11    God:    Okawaru [......]
Gold:   397        SH: 12    Dex: 14    Spells: 8/8 levels left

rFire   . . .      SeeInvis .   G - +6 spear "Jellyslayer" {speed, Contam rCorr Int+4 Dex+3}
rCold   . . .      Faith    .   c - +1 buckler
rNeg    . . .      Spirit   .   b - +0 scale mail
rPois   .          Reflect  +   (helmet restricted)
rElec   .          Harm     .   (no cloak)
rCorr   +          Rampage  .   (no gloves)
Will    .....                   (no boots)
Stlth   ..........              e - amulet of reflection
HPRegen 0.23/turn               (no ring)
MPRegen 0.11/turn               (no ring)

@: no status effects
A: horns 2, retaliatory headbutt
a: Renounce Religion


You were on level 7 of the Dungeon.
You worshipped Okawaru.
Okawaru was noncommittal.
You visited 2 branches of the dungeon, and saw 8 of its levels.
You also visited: Sewer and Ossuary.

You collected 397 gold pieces.

Inventory:

Hand Weapons
 a - a +0 war axe
 f - a +0 scimitar
 t - a +0 battleaxe
 w - the +5 dagger of Fear {flame, MP+9}
   (You found it on level 5 of the Dungeon)

   It burns those it strikes, dealing additional fire damage.
   MP:        It affects your magic capacity (+9).
 G - the +6 spear "Jellyslayer" (weapon) {speed, Contam rCorr Int+4 Dex+3}
   (You found it on level 6 of the Dungeon)

   Attacks with this weapon are significantly faster.
   Int:       It affects your intelligence (+4).
   Dex:       It affects your dexterity (+3).
   Contam:    It causes magical contamination when unequipped.
   rCorr:     It protects you from acid and corrosion.
Missiles
 v - a throwing net (quivered)
Armour
 b - a +0 scale mail (worn)
 c - a +1 buckler (worn)
 i - +0 acid dragon scales
 E - a +0 pair of boots
 F - a +0 chain mail
Jewellery
 e - an amulet of reflection (around neck)
 m - a ring of wizardry
 z - a ring of ice
 C - a ring of protection from fire
 H - an amulet of guardian spirit
Wands
 p - a wand of flame (24)
 D - a wand of iceblast (20)
Scrolls
 d - 2 scrolls of fear
 q - 2 scrolls of fog
 r - 2 scrolls of blinking
 x - 3 scrolls of teleportation
 A - 2 scrolls of magic mapping
 B - 3 scrolls of identify
Potions
 g - 2 potions of curing
 h - 3 potions of brilliance
 j - a potion of haste
 k - a potion of experience {unknown}
 l - 3 potions of mutation
 n - 2 potions of attraction
 o - a potion of might
 s - 2 potions of berserk rage {unknown}
 u - a potion of invisibility
 I - a potion of flight


   Skills:
 + Level 7.2 Fighting
 + Level 11.6(11.7) Axes
 + Level 0.2(7.3) Polearms
 + Level 7.2 Armour
 + Level 3.2 Dodging
 + Level 1.2 Stealth
 + Level 7.0 Shields


You had 8 spell levels left.
You didn't know any spells.
Your spell library contained the following spells:

 Spells                   Type           Power      Damage    Failure   Level
 Scorch                   Fire           0%         2d5       85%         2
 Flame Wave               Conj/Fire      0%         2d4       100%        4
 Summon Cactus Giant      Summ           Unusable   N/A       N/A         6

Dungeon Overview and Level Annotations

Branches:
Dungeon (7/15)             Temple (1/1) D:6           Sewer (visited)
Ossuary (visited)

Altars:
Cheibriados
Dithmenos
Elyvilon
Fedhas
Gozag
Kikubaaqudgha
Makhleb
Nemelex Xobeh
Okawaru
Qazlal
Sif Muna
Trog
Vehumet
Wu Jian
Xom
Zin


Innate Abilities, Weirdness & Mutations

You have a pair of horns on your head.
You reflexively headbutt those who attack you in melee.


Message History

The troll claws you but does no damage. x2; The troll bites you!
The troll claws you. The troll misses you.
There is a stone staircase leading up, spattered with blood here.
You hit the troll.
The troll is lightly wounded.
You hit the troll but do no damage.
The troll is lightly wounded.
The troll misses you. You block the troll's attack.
The troll barely misses you.
You hit the troll.
The troll is lightly wounded.
You hit the troll.
The troll is moderately wounded.
The troll bites you. You block the troll's attack. x2
You hit the troll.
The troll is moderately wounded.
You closely miss the troll.
The troll is moderately wounded.
The troll bites you! You block the troll's attack. The troll claws you.
* * * LOW HITPOINT WARNING * * *
You hit the troll. You headbutt the troll.
The troll is heavily wounded.
You hit the troll.
The troll is heavily wounded.
You block the troll's attack. x3
You completely miss the troll.
The troll is heavily wounded.
You closely miss the troll.
The troll is heavily wounded.
You block the troll's attack. The troll claws you!
* * * LOW HITPOINT WARNING * * *
The troll claws you!
* * * LOW HITPOINT WARNING * * *
You barely miss the troll. You headbutt the troll!
The troll is severely wounded.
You hit the troll.
The troll is almost dead.
The troll closely misses you. You furiously retaliate!
You headbutt the troll. The troll claws you!
You die...

.......#........#. ...
..#.......##.##... ...
..#....)..##.###.. ...
.......[[.##.##### #..
#.#....[[.........
#?##.#...........##.#
#..#.#.......###.##..
#............# #..##.
#..#@........# ##....
###....T######## ####.
##...#...### ##.
.....#.....#### ####.<
##.#...........####.....
#.####.###..#......###.
.# #.## #............ #
.# #..# ####..#####..
..######.# #..#
#....####..


You could see a troll.

Vanquished Creatures
  Joseph (D:7)
  Maggie (D:6)
  Sigmund (D:6)
  Duvessa (D:6)
  A hornet zombie (Ossuary)
  2 orc warriors
  A sky beast (D:6)
  An ogre (D:7)
  The ghost of RascalDebosk the Skirmisher, an amateur PaFi (D:3)
  2 kobold brigands (D:6)
  2 wyvern zombies (Ossuary)
  A water moccasin zombie (Ossuary)
  Dowan (D:6)
  A howler monkey (D:4)
  7 bullfrog zombies
  3 centaur zombies
  A hound (D:4)
  A centaur skeleton (D:7)
  A gnoll shaman (D:3)
  3 orc priests
  16 mummies (Ossuary)
  Natasha (D:3)
  4 orc wizards
  2 killer bee zombies (Ossuary)
  Robin (D:2)
  7 gnolls (D:3)
  16 adders
  4 river rats (Sewer)
  2 white imps
  4 worms
  2 dart slugs (D:5)
  15 orcs
  10 ball pythons
  An endoplasm (D:1)
  5 giant cockroaches
  12 goblins
  9 hobgoblins
  6 jackals
  A quokka (D:2)
  4 bats
  6 frilled lizards
  26 kobolds
  16 rats
203 creatures vanquished.

Vanquished Creatures (others)
  35 plants
  8 withered plants
43 creatures vanquished.

Grand Total: 246 creatures vanquished

Notes
Turn   | Place    | Note
-------+----------+-------------------------------------------
     0 | D:1      | boopmooplesden the Minotaur Fighter began the quest for the
                  | Orb.
     0 | D:1      | Reached XP level 1. HP: 19/19 MP: 0/0
    43 | D:1      | Found a faded altar of an unknown god.
   291 | D:1      | Reached XP level 2. HP: 24/27 MP: 1/1
   524 | D:2      | Reached skill level 3 in Axes
   710 | D:2      | Reached XP level 3. HP: 33/33 MP: 2/2
   808 | D:2      | Noticed Robin
   826 | D:2      | Killed Robin
   827 | D:2      | Reached skill level 4 in Axes
  1016 | D:2      | Reached XP level 4. HP: 36/40 MP: 3/3
  1720 | D:3      | Found a snail-covered altar of Cheibriados.
  2020 | D:3      | Reached XP level 5. HP: 46/46 MP: 4/4
  2123 | D:3      | Found a runed translucent door.
  2123 | D:3      | Noticed RascalDebosk's ghost (amateur PaFi)
  2162 | D:3      | Reached skill level 5 in Axes
  2481 | D:3      | Found an ornate altar of the Wu Jian Council.
  2635 | D:3      | Noticed Natasha
  2641 | D:3      | Killed Natasha
  2642 | D:3      | Reached XP level 6. HP: 29/53 MP: 5/5
  2833 | D:3      | Reached skill level 6 in Axes
  3115 | D:3      | Killed RascalDebosk's ghost
  3116 | D:3      | Reached skill level 1 in Dodging
  3294 | D:4      | Found a glowing drain.
  3305 | Sewer    | Entered a sewer
  3323 | Sewer    | Reached skill level 5 in Shields
  3960 | Sewer    | Reached XP level 7. HP: 60/60 MP: 6/6
  4181 | D:4      | Reached skill level 5 in Armour
  4480 | D:4      | Found a sparkling altar of Nemelex Xobeh.
  4640 | D:5      | Entered Level 5 of the Dungeon
  4709 | D:5      | Reached skill level 7 in Axes
  4716 | D:5      | Reached skill level 5 in Fighting
  4798 | D:5      | Identified the +5 dagger of Fear {flame, MP+9}
  4836 | D:5      | Found a sand-covered staircase.
  4855 | Ossuary  | Entered an ossuary
  4911 | Ossuary  | Reached skill level 8 in Axes
  4923 | Ossuary  | Reached XP level 8. HP: 36/69 MP: 7/7
  5169 | Ossuary  | Reached skill level 9 in Axes
  5496 | Ossuary  | Reached skill level 10 in Axes
  6658 | D:6      | Noticed Sigmund
  6659 | D:6      | Found a white marble altar of Elyvilon.
  6665 | D:6      | Killed Sigmund
  7078 | D:6      | Found a staircase to the Ecumenical Temple.
  7139 | D:6      | Reached XP level 9. HP: 71/78 MP: 8/8
  7194 | D:6      | Noticed Maggie
  7218 | D:6      | HP: 1/78 [Maggie/bolt of fire (7)]
  7228 | D:6      | Killed Maggie
  7233 | D:6      | Reached skill level 11 in Axes
  7263 | D:6      | Noticed Dowan
  7264 | D:6      | Noticed Duvessa
  7700 | D:7      | Found a radiant altar of Vehumet.
  7707 | D:7      | Noticed Joseph
  7718 | D:7      | Killed Joseph
  7903 | D:7      | Reached skill level 1 in Stealth
  8476 | D:7      | Noticed a troll
  8573 | D:6      | Identified the +6 spear "Jellyslayer" {speed, Contam rCorr
                  | Int+4 Dex+3}
  8655 | D:6      | Found a shadowy altar of Dithmenos.
  8821 | Temple   | Entered the Ecumenical Temple
  8935 | Temple   | Became a worshipper of Warmaster Okawaru
  9004 | D:6      | Found a burning altar of Makhleb.
  9116 | D:6      | Killed Duvessa
  9120 | D:6      | Killed Dowan
  9277 | D:7      | Slain by a troll

Illustrated notes

Levels and vault maps discovered:
D:1:      roderic_octagonal_star, layout_rooms,
          ebering_ecumenical_altar_abandoned
D:2:      layout_basic, kennysheep_cross_bottleneck, uniq_robin
D:3:      corexii_shack_village, layout_basic, old_standard_altar,
          lemuel_crystal_altar, gammafunk_ghost_grave, chequers_big_river,
          nicolae_grassy_gnolls, uniq_natasha
D:4:      layout_rooms, nemelex_altar_shiori, cheibrodos_sewer_entry_drain,
          chequers_serial_rivers_micro_e
D:5:      layout_loops_ring, nicolae_ossuary_entry_false_entrances,
          minivault_25, guppyfry_early_orc_mine
D:6:      layout_loops_ring, mainiacjoe_overflow_alcove_1,
          nicolae_dithmenos_shadow_blocks, nicolae_elyvilon_temple_path,
          minmay_temple_entry_waves, uniq_sigmund, uniq_duvessa, uniq_maggie
D:7:      layout_rooms, lemuel_mausoleum_altar_yredelemnul, vehumet_crystals,
          uniq_joseph
Temple:   nicolae_temple_figure_zero

Skill      XL: |  1  2  3  4  5  6  7  8  9 |
---------------+----------------------------+-----
Axes           | 3 4 5 6 8 10 11 | 11.6
Armour         | 4 5 6 7 |  7.2
Fighting       | 4 5 6 7 |  7.2
Shields        | 4 5 6 7 |  7.0
Dodging        | 1 2 3 |  3.2
Stealth        | 1 |  1.2
Polearms       | |  0.2

Action                   |  1- 3 |  4- 6 |  7- 9 || total
-------------------------+-------+-------+-------++-------
Melee: War axe           |    69 |   170 |   249 ||   488
       Headbutt          |    10 |    32 |    51 ||    93
       Spear             |       |       |    26 ||    26
  Use: Scroll            |     3 |     4 |    10 ||    17
       Potion            |       |     1 |    14 ||    15
Armor: Scale mail        |    22 |    62 |    69 ||   153
Dodge: Dodged            |    28 |    78 |   102 ||   208
Block: Buckler           |    19 |   102 |   157 ||   278
       Reflection        |       |       |     6 ||     6
